 Dungeon Crawl Stone Soup version 0.23.0 (webtiles) character file.

Game seed: 11206186472987814594

102 Kairos the Skirmisher (level 4, 24/24 HPs)
             Began as a Vine Stalker Fighter on Feb 12, 2019.
             Quit the game on level 2 of the Dungeon.
             The game lasted 00:02:06 (1731 turns).

Kairos the Skirmisher (Vine Stalker Fighter)        Turns: 1731, Time: 00:02:06

Health: 24/24      AC:  6    Str: 17 (19) XL:     4   Next: 78%
Magic:  5/5        EV:  7    Int: 12 (13) God:
Gold:   69         SH:  9    Dex: 12 (14) Spells: 3/3 levels left

rFire    . . .     SeeInvis .   a - +0 long sword
rCold    . . .     Gourm    .   c - +0 shield
rNeg     . . .     Faith    .   b - +0 scale mail
rPois    .         Spirit   +   (no helmet)
rElec    .         Reflect  .   (no cloak)
rCorr    .         Harm     .   (no gloves)
MR       .....                  (no boots)
Stlth    ..........             (no amulet)
HPRegen  0.48/turn              (no ring)
MPRegen  0.09/turn              (no ring)

@: brilliant, very slightly contaminated
A: fangs 2, regeneration 1, magic shield, antimagic bite, no potion heal 3, rot
immunity
a: no special abilities


You were on level 2 of the Dungeon.
You were not hungry.

You visited 1 branch of the dungeon, and saw 2 of its levels.

You collected 69 gold pieces.

Inventory:

Hand Weapons
 a - a +0 long sword (weapon)
Armour
 b - a +0 scale mail (worn)
 c - a +0 shield (worn)
Scrolls
 e - 4 scrolls of teleportation
 g - 2 scrolls of remove curse
Potions
 d - a potion of might
 k - a potion of flight {unknown}
 n - 2 potions of ambrosia {unknown}
Comestibles
 f - 4 rations


   Skills:
 + Level 3.4 Fighting
 + Level 2.6 Long Blades
 + Level 2.8 Armour
 + Level 0.1 Dodging
 + Level 3.4 Shields


You had 3 spell levels left.
You didn't know any spells.
Your spell library was empty.

Dungeon Overview and Level Annotations

Branches:
Dungeon (2/15)

Altars:
Qazlal
Sif Muna


Innate Abilities, Weirdness & Mutations

You have extremely sharp teeth.
Your natural rate of healing is unusually fast.
When hurt, damage is shared between your health and your magic reserves.
Your bite disrupts and absorbs the magic of your enemies.
Potions cannot restore your health.
You are immune to rotting.


Message History

Are you sure you want to cancel this blink? [Y]es or [N]o only, please.
Are you sure you want to cancel this blink?
Blink to where?
Press: ? - help, Dir - move target cursor You can't see that place. [a rock wall.]
You cannot see that place.
Are you sure you want to cancel this blink?
Blink to where?
Press: ? - help, Dir - move target cursor You are very lightly contaminated with residual magic.
As you read the scroll labeled LAROISM JYLEI, it crumbles to dust.
It was a scroll of blinking.
It was a potion of degeneration.
There was something very wrong with that liquid.
You feel weakened.
You feel dopey.
You feel clumsy.
It was a potion of brilliance.
You feel clever all of a sudden.
Are you sure you want to abandon this character and quit the game? (Confirm with "yes".)

.......[#.......#..#..## #.#.##.
........#...#........## #8.8'..
............#.....##.# #.#.##.
..#.#'#####.#........# ##.####
###.#.# #..........# #8.8# #.#.#
############ ##.## ###.########
#####§..######.#.###
....##≈≈≈≈≈###.§§§§§.##..###.###.
#####≈≈≈≈≈≈≈##.§@§§..#.8.).#.#...
....#≈≈...≈≈##..§§§..#...)#'.'#(.
#####≈≈._.≈≈######§..#....#'.'#..
[# #≈≈...≈≈# #...#.8...#.#)..
.####≈≈≈.≈≈≈# #...##..###.###.
....##≈≈.≈≈## #...######.#.###
....####'### #...## ##.## ....#
##.#### #....## #'# .#### #.....#
####.....## ##.## #


There were no monsters in sight!

Vanquished Creatures
  3 adders (D:2)
  A worm (D:2)
  A dart slug (D:1)
  5 leopard geckos
  4 orcs (D:2)
  3 bats
  5 giant cockroaches
  3 goblins
  9 hobgoblins
  6 jackals (D:2)
  4 kobolds (D:1)
  A ball python (D:1)
  2 frilled lizards (D:1)
  8 rats
55 creatures vanquished.

Notes
Turn   | Place    | Note
-------+----------+-------------------------------------------
     0 | D:1      | Kairos the Vine Stalker Fighter began the quest for the
                  | Orb.
     0 | D:1      | Reached XP level 1. HP: 11/11 MP: 2/2
   346 | D:1      | Reached XP level 2. HP: 12/16 MP: 3/3
   443 | D:1      | Reached XP level 3. HP: 18/19 MP: 4/4
   874 | D:2      | Found a stormy altar of Qazlal.
  1096 | D:2      | Gained mutation: Your natural rate of healing is unusually
                  | fast. [Vine Stalker growth]
  1096 | D:2      | Reached XP level 4. HP: 21/24 MP: 5/5
  1415 | D:2      | Found a deep blue altar of Sif Muna.
  1731 | D:2      | Quit the game

Skill      XL: |  1  2  3 |
---------------+----------+-----
Shields        | 3 |  3.4
Long Blades    | 2 |  2.6
Fighting       | 3 |  3.4
Armour         | |  2.8
Dodging        | |  0.1

Action                   |  1- 3 |  4- 6 || total
-------------------------+-------+-------++-------
Melee: Long sword        |   101 |    51 ||   152
       Bite              |    29 |    13 ||    42
  Use: Scroll            |     2 |     2 ||     4
       Potion            |       |     2 ||     2
  Eat: Chunk             |       |     3 ||     3
Armor: Scale mail        |    43 |    14 ||    57
Dodge: Dodged            |    45 |    12 ||    57
Block: Shield            |    53 |    30 ||    83
       Rpst.: Long sword |     9 |     4 ||    13
